 Dungeon Crawl Stone Soup version 0.29.1-15-g9cfb28693d (webtiles) character file.

Game seed: 17984007373769227932

44 zeram the Trooper (level 3, 0/39 HPs)
             Began as an Ogre Fighter on Mar 5, 2023.
             Slain by an ice beast (7 damage)
             ... on level 3 of the Dungeon.
             The game lasted 00:02:39 (1826 turns).

zeram the Trooper (Ogre Fighter)                    Turns: 1826, Time: 00:02:40

Health: 0/39       AC:  3    Str: 20    XL:     3   Next: 60%
Magic:  4/4        EV:  8    Int: 11    God:
Gold:   65         SH:  7    Dex:  8    Spells: 4/4 levels left

rFire   . . .      SeeInvis .   a - +0 flail
rCold   . . .      Faith    .   c - +0 kite shield
rNeg    . . .      Spirit   .   b - +0 robe
rPois   .          Reflect  .   (helmet restricted)
rElec   .          Harm     .   (no cloak)
rCorr   .          Rampage  .   (gloves unavailable)
Will    .....                   (boots unavailable)
Stlth   +.........              (no amulet)
HPRegen 0.13/turn               (no ring)
MPRegen 0.09/turn               (no ring)

@: mighty
A: large, unfitting armour, tough skin 1
a: no special abilities


You were on level 3 of the Dungeon.
You visited 1 branch of the dungeon, and saw 3 of its levels.

You collected 65 gold pieces.

Inventory:

Hand Weapons
 a - a +0 flail (weapon)
Armour
 b - a +0 robe (worn)
 c - a +0 kite shield (worn)
Jewellery
 h - a +6 ring of dexterity
Scrolls
 f - 2 scrolls of teleportation
 j - 2 scrolls of vulnerability {unknown}
 k - a scroll of immolation {unknown}
Potions
 d - a potion of might
 e - 2 potions of attraction {unknown}
 g - a potion of heal wounds {unknown}
 i - a potion of curing


   Skills:
 - Level 4.2 Fighting
 + Level 2.5 Maces & Flails
 + Level 3.1 Dodging
 - Level 3.1 Shields
 * Level 1.1 Spellcasting


You had 4 spell levels left.
You didn't know any spells.
Your spell library contained the following spells:

 Spells                   Type           Power      Damage    Failure   Level
 Gell's Gravitas          Tloc           0%         N/A       92%         3
 Teleport Other           Tloc           0%         N/A       92%         3
 Dispersal                Tloc           0%         N/A       100%        6


Dungeon Overview and Level Annotations

Branches:
Dungeon (3/15)

Altars:
Elyvilon
Trog

Shops:
D:2 ?


Innate Abilities, Weirdness & Mutations

You are too large for most types of armour.
You have tough skin. (AC +1)


Message History

The giant cockroach bites you but does no damage.
The kobold shouts!
You hit the giant cockroach.
You kill the giant cockroach!
A sourceless malevolence fills the Dungeon...
You fall into a shaft and drop 1 floor!
The shaft crumbles and collapses.
You hear the sound of rushing water.
There is an entrance to a sewer on this level.
Hurry and find it before the portal rusts away!
Found a stone staircase leading up.
Okay, then.
Found a bloodstained altar of Trog.
Found 8 gold pieces.
Found a scroll labelled IGROCS PYCO.
Found 12 gold pieces.
An ice beast comes into view.
Found an escape hatch in the ceiling.
You see here 8 gold pieces.
The ice beast hits you but does no damage.
You feel very mighty all of a sudden. You block the ice beast's attack.
You completely miss the ice beast.
The ice beast hits you but does no damage.
You sock the ice beast!
The ice beast is moderately wounded.
The ice beast hits you. The ice beast freezes you!
You closely miss the ice beast.
The ice beast is moderately wounded.
The ice beast hits you but does no damage.
The ice beast closely misses you.
You thump the ice beast!
The ice beast is heavily wounded.
The ice beast hits you. The ice beast freezes you!
* * * LOW HITPOINT WARNING * * *
You closely miss the ice beast.
The ice beast is heavily wounded.
The ice beast hits you.
* * * LOW HITPOINT WARNING * * *
The ice beast freezes you!
You die...

#...# #...# ..
#.#.# ... #.#.#
#######.. #.#.#
#...<..# #.#.#
#......# #...#
#......# #...##
#.Y....#
##...###.@?...###
###...$.........
#####.........
#.....$...
#.........
#.........
######.... ....
...


You could see an ice beast.

Vanquished Creatures
  2 worms (D:2)
  2 dart slugs (D:1)
  4 endoplasms (D:1)
  2 giant cockroaches
  4 hobgoblins
  2 kobolds
  3 quokkas
  3 ball pythons (D:1)
  3 bats (D:1)
  4 frilled lizards
  3 rats
32 creatures vanquished.

Notes
Turn   | Place    | Note
-------+----------+-------------------------------------------
     0 | D:1      | zeram the Ogre Fighter began the quest for the Orb.
     0 | D:1      | Reached XP level 1. HP: 24/24 MP: 1/1
   191 | D:1      | Reached XP level 2. HP: 29/32 MP: 2/2
   769 | D:1      | Reached XP level 3. HP: 22/39 MP: 2/4
  1496 | D:2      | Found Emagrym's Magic Scroll Emporium.
  1504 | D:2      | Found a white marble altar of Elyvilon.
  1545 | D:2      | Reached skill level 1 in Spellcasting
  1792 | D:2      | You fall into a shaft and drop 1 floor!
  1793 | D:3      | Found a bloodstained altar of Trog.
  1817 | D:3      | Noticed an ice beast
  1826 | D:3      | Slain by an ice beast

Illustrated notes

Levels and vault maps discovered:
D:1:      dpeg_arrival_pond, layout_loops_ring, grunt_decor_clamped
D:2:      cheibrodos_old_hovel, layout_basic, serial_shops,
          nicolae_shop_temple_entry_statues_fountains, basic_altar,
          item_on_display_a
D:3:      kennysheep_big_flooded_room, layout_basic,
          mainiacjoe_overflow_boulevard, portal_sewer_entry_e,
          hellmonk_ecumenical_altar_lost_god, serial_shops, nicolae_shop_crystal

Skill      XL: |  1  2  3 |
---------------+----------+-----
Maces & Flails | 2 |  2.5
Dodging        | 3 |  3.1
Spellcasting   | 1 |  1.1
Fighting       | |  4.2
Shields        | |  3.1

Action                   || total
-------------------------++-------
Melee: Flail             ||   120
  Use: Potion            ||     2
       Scroll            ||     3
Armor: Robe              ||    63
Dodge: Dodged            ||    58
Block: Kite shield       ||    53
